 Dungeon Crawl Stone Soup version 0.31.0-9-g3a7656b989 (webtiles) character file.

Game seed: 3812640388402423383

52 qw the Shooter (level 3, -1/18 HPs)
             Began as a Spriggan Hunter on Feb 2, 2024.
             Slain by an adder (3 damage)
             ... on level 2 of the Dungeon.
             The game lasted 00:00:03 (954 turns).

qw the Shooter (Spriggan Hunter)                     Turns: 954, Time: 00:00:03

Health: -1/18      AC:  2    Str:  7    XL:     3   Next: 60%
Magic:  4/4        EV: 19    Int: 10    God:
Gold:   74         SH:  0    Dex: 20    Spells: 2/2 levels left

rFire   . . .        a - +0 shortbow
rCold   . . .        (shield currently unavailable)
rNeg    . . .        c - +0 robe
rPois   .            (helmet restricted)
rElec   .            (no cloak)
rCorr   .            (gloves unavailable)
SInv    +            (boots unavailable)
Will    .....        (no amulet)
Stlth   ++           (no ring)
HPRegen 0.23/turn    (no ring)
MPRegen 0.09/turn

%: no passive effects
@: very quick
A: very small, no large weapons, unfitting armour, see invisible, speed 3
a: no special abilities


You were on level 2 of the Dungeon.
You visited 1 branch of the dungeon, and saw 2 of its levels.

You collected 74 gold pieces.


Innate Abilities, Weirdness & Mutations

You are very small and have problems with some larger weapons.
You are too small for most types of armour.
You have supernaturally acute eyesight. (SInv)
You cover ground extremely quickly. (Speed+++)


   Skills:
 - Level 1.5 Fighting
 + Level 4.8 Ranged Weapons
 - Level 4.0 Dodging
 - Level 1.5 Stealth


You had 2 spell levels left.
You didn't know any spells.
Your spell library was empty.

Inventory:

Hand Weapons
 a - a +0 shortbow (weapon)
Armour
 c - a +0 robe (worn)
Potions
 b - 2 potions of attraction {unknown}
 d - a potion of brilliance {unknown}
 e - a potion of mutation
 f - a potion of lignification {unknown}
 g - 2 potions of heal wounds {unknown}
 i - a potion of might {unknown}
 j - a potion of haste {unknown}
 k - a potion of invisibility {unknown}
 l - a potion of ambrosia {unknown}

Dungeon Overview and Level Annotations

Branches:
Dungeon (2/15)

Altars:


Message History

The endoplasm quivers.
The arrow hits the endoplasm.
The endoplasm is lightly wounded.
You hear an angry hiss.
You shoot an arrow.
The arrow hits the endoplasm but does no damage.
The endoplasm is lightly wounded.
You shoot an arrow. The arrow hits the endoplasm.
The endoplasm is heavily wounded.
The endoplasm closely misses you.
You shoot an arrow. The arrow barely misses the endoplasm.
You hear an angry hiss.
The endoplasm freezes you.
You are frozen.
The endoplasm closely misses you.
An adder comes into view.
You shoot an arrow. The arrow barely misses the endoplasm.
The endoplasm freezes you.
You are frozen.
You shoot an arrow. The arrow hits the endoplasm!
You kill the endoplasm!
The adder bites you.
You are poisoned.
The adder poisons you!
You shoot an arrow. The arrow hits the adder.
The adder is moderately wounded.
You feel sick. The adder bites you but does no damage.
You shoot an arrow. The arrow barely misses the adder.
You feel sick. The adder bites you but does no damage.
The adder closely misses you.
You shoot an arrow. The arrow misses the adder.
You feel sick. The adder barely misses you.
You shoot an arrow. The arrow completely misses the adder.
You feel sick. The adder closely misses you. x2
You shoot an arrow.
The arrow hits the adder but does no damage.
The adder is moderately wounded.
You feel sick.
You are no longer poisoned.
The adder bites you.
You die...

#[# ###.########.
##............
###....########.
.#.###.# #. # ...#
#.########. .#
.#.###..........
..
......%.#######S##
.# #######.#..###
#@## .#
#......####.#.#
#..7P...#....#
#..PP77...##.#
#....PP...# .#
#.#.....### ..
#.###..## ### #.#
#### #.#


You could see an adder.

Vanquished Creatures
  An adder (D:2)
  2 ribbon worms (D:2)
  3 ball pythons (D:1)
  2 endoplasms (D:2)
  4 giant cockroaches
  3 goblins (D:1)
  A hobgoblin (D:1)
  6 kobolds (D:1)
  4 quokkas
  A bat (D:1)
  3 frilled lizards (D:1)
  5 rats
35 creatures vanquished.

Notes
Turn   | Place    | Note
-------+----------+-------------------------------------------
     0 | D:1      | qw the Spriggan Hunter began the quest for the Orb.
     0 | D:1      | Reached XP level 1. HP: 10/10 MP: 2/2
     0 | D:1      | 0 ||| qw: Version: 0.3-a-155-g5e7d8dd
     0 | D:1      | 0 ||| qw: Game counter: 57
     0 | D:1      | 0 ||| qw: Melee chars always use a shield: true
     0 | D:1      | 0 ||| qw: God list: Okawaru
     0 | D:1      | 0 ||| qw: Allow faded altars: false
     0 | D:1      | 0 ||| qw: Do Orc after clearing Dungeon:15 true
     0 | D:1      | 0 ||| qw: Do second Lair branch before Depths: true
     0 | D:1      | 0 ||| qw: Lair rune preference: random
     0 | D:1      | 0 ||| qw: Goals: Normal
     0 | D:1      | 0 ||| PLANNING D:1-11
    35 | D:1      | Reached skill level 3 in Dodging
   119 | D:1      | Reached XP level 2. HP: 6/14 MP: 3/3
   496 | D:1      | Reached XP level 3. HP: 18/18 MP: 4/4
   659 | D:1      | 659 ||| DROPPING ring of wizardry.
   660 | D:1      | 660 ||| READING 2 scrolls labelled NAOVIGHOCA.
   661 | D:1      | 661 ||| READING scroll labelled EGREREBASE.
   661 | D:1      | 661 ||| IDENTIFYING glowing pink potion
   662 | D:1      | 662 ||| DROPPING scroll of butterflies.
   663 | D:1      | 663 ||| DROPPING scroll of fog.
   952 | D:2      | HP: 4/18 [poisoned by an adder]
   954 | D:2      | Slain by an adder

Levels and vault maps discovered:
D:1:      lemuel_arrival_behind_the_door_large, layout_basic, minmay_unequal
D:2:      layout_loops_ring, serial_park_tiny_2, glass_columns_c,
          minmay_misc_feat_four_crosses

Skill      XL: |  1  2 |
---------------+-------+-----
Dodging        | 3 4 |  4.0
Fighting       | |  1.5
Ranged Weapons | |  4.8
Stealth        | |  1.5

Action                     || total
---------------------------++-------
   Fire: Shortbow          ||   103
    Use: Scroll            ||     2
 Armour: Robe              ||    13
  Dodge: Dodged            ||    27

Table legend:
 A = Non-vault XP
 B = Vault XP
 C = Vault XP percentage of total XP
 D = Non-vault monster count
 E = Vault monster count
 F = Vault count percentage of total count
                 A         B        C        D         E       F
            +---------+---------+-------+---------+---------+-------
      Total |      68 |       7 |   9.3 |      31 |       4 |  11.4
            +---------+---------+-------+---------+---------+-------
        D:1 |      35 |       7 |  16.7 |      23 |       4 |  14.8
        D:2 |      33 |       0 |   0.0 |       8 |       0 |   0.0
            +---------+---------+-------+---------+---------+-------
